Map: King's Cove LE

Players

Lambo - Winner!

  • Race: Zerg Zerg
  • Spawn Location: 11:00

Gerald

  • Race: Protoss Protoss
  • Spawn Location: 5:00

Event: IEM Season 13: Katowice (2019)

VOD

Have the link to the VOD?

Description

Time

  • Played on: Feb. 26, 2019, 8:54 a.m.
  • Length: 10:18

All games in this series

Show
View Real Time Build Order
Export as new Build Order

Lambo Zerg - Winner!

Build Orders: Hatch First 

Get SALT Encoding   

  12  0:00  Drone  
  13  0:12  Overlord  
  13  0:17  Drone  
  14  0:30  Drone x2  
  16  0:49  Hatchery  
  15  0:53  Drone  
  16  0:57  Drone  
  16  1:00  Drone  
  18  1:11  Extractor  
  18  1:15  Spawning Pool  
  18  1:18  Drone  
  17  1:22  Drone  
  18  1:31  Drone  
  19  1:39  Drone  
  20  1:50  Overlord  
  20  2:02  Queen x2  
  20  2:03  Zergling x2  
  20  2:04  Drone  
  26  2:11  Metabolic Boost  
  26  2:13  Zergling x2  
  26  2:15  Drone  
  28  2:21  Drone  
  29  2:23  Drone  
  30  2:39  Hatchery  
  30  2:43  Drone  
  30  2:44  Drone  
  30  2:47  Drone  
  30  2:51  Overlord  
  32  2:58  Queen  
  32  3:01  Drone  
  35  3:12  Drone x2  
  37  3:13  Zergling x4  
  37  3:14  Zergling x2  
  37  3:15  Overlord  
  37  3:19  Drone  
  41  3:22  Overlord  
  41  3:26  Drone x2  
  43  3:31  Overlord  
  43  3:38  Drone  
  43  3:44  Lair, Drone x3  
  43  3:46  Drone  
  47  3:52  Roach Warren  
  47  3:53  Extractor  
  45  3:56  Drone x2  
  45  3:59  Extractor, Drone  
  47  4:03  Zergling x2  
  47  4:04  Drone  
  47  4:09  Drone  
  50  4:10  Overlord  
  50  4:12  Drone  
  50  4:14  Drone x2  
  50  4:16  Drone  
  54  4:20  Drone  
  54  4:22  Overlord  
  54  4:32  Roach x4  
  62  4:40  Roach x3  
  62  4:41  Overseer  
  62  4:45  Overseer  
  68  4:53  Roach x2  
  68  4:55  Drone  
  68  4:57  Drone x4  
  68  4:59  Overlord  
  78  5:00  Drone  
  78  5:03  Drone x2  
  78  5:05  Drone  
  78  5:06  Drone  
  82  5:13  Glial Reconstitution  
  82  5:16  Overlord  
  82  5:17  Drone x2  
  82  5:20  Ravager  
  89  5:21  Roach x2  
  87  5:29  Roach  
  86  5:38  Roach x2  
  86  5:41  Ravager  
  86  5:42  Overlord  
  90  5:43  Drone x4  
  90  5:45  Roach, Extractor  
  90  5:46  Roach  
  90  5:49  Overlord  
  97  5:52  Overlord  
  97  6:00  Queen  
  97  6:03  Extractor  
  98  6:06  Drone  
  98  6:08  Roach x5, Overlord  
  109  6:12  Roach  
  109  6:17  Roach x2  
  117  6:25  Roach  
  117  6:26  Roach  
  117  6:29  Roach x3  
  125  6:33  Overlord x3  
  125  6:35  Overlord  
  125  6:37  Overlord  
  125  6:40  Overlord  
  125  6:45  Baneling Nest  
  125  6:46  Overlord  
  123  6:48  Overlord  
  123  6:51  Queen  
  123  6:53  Drone x2  
  127  6:57  Roach x3  
  133  7:20  Drone x3  
  133  7:21  Roach x4  
  133  7:22  Zergling x8  
  148  7:34  Centrifical Hooks  
  148  7:38  Roach, Zergling x14  
  148  7:41  Overseer  
  157  7:44  Roach  
  157  7:45  Hatchery  
  157  7:49  Roach x2  
  162  8:03  Zergling x20  
  169  8:09  Overlord  
  169  8:10  Queen, Hatchery  
  167  8:16  Overlord  
  167  8:20  Overlord  
  167  8:25  Evolution Chamber  
  168  8:27  Roach, Zergling x2  
  168  8:29  Roach x4  
  177  8:34  Ravager  
  177  8:35  Ravager x3  
  177  8:38  Overlord  
  177  8:41  Ravager  
  182  8:42  Overseer, Pneumatized Carapace  
  182  8:47  Zergling x8  
  186  8:49  Baneling x21  
  186  8:50  Baneling x2  
  186  9:00  Baneling x14  
  186  9:03  Roach, Zergling x4  
  186  9:08  Roach x2  
  193  9:18  Overlord  
  193  9:23  Extractor  
  193  9:24  Spire  
  188  9:28  Roach x4, Zergling x2  
  178  9:32  Roach x2  
  178  9:38  Roach x3  
  172  9:44  Zergling x14  
  177  9:47  Drone x2  
  173  9:54  Drone x3  
  173  9:57  Infestation Pit  
Show
View Real Time Build Order
Export as new Build Order

Gerald Protoss 

Build Orders: 1 Gate Expand, Zealot Archon, Archon Drop, Dark Templar Rush 

Get SALT Encoding   

  12  0:00  Probe  
  13  0:12  Probe  
  14  0:19  Pylon  
  14  0:25  Probe  
  15  0:33  Assimilator  
  15  0:35  Probe  
  16  0:43  Gateway, Probe  
  17  0:52  Probe  
  18  1:03  Probe  
  19  1:15  Probe  
  20  1:25  Nexus  
  20  1:34  Cybernetics Core  
  20  1:37  Probe  
  21  1:44  Assimilator  
  21  1:49  Probe  
  21  1:53  Pylon  
  22  2:01  Adept, Probe  
  23  2:13  Probe  
  26  2:16  Twilight Council  
  26  2:20  Warp Gate  
  26  2:22  Adept  
  26  2:25  Probe  
  29  2:38  Probe x2  
  29  2:42  Stalker  
  31  2:50  Probe  
  32  2:54  Probe  
  35  3:01  Pylon  
  35  3:02  Probe  
  36  3:06  Probe  
  36  3:10  Robotics Facility  
  37  3:14  Probe  
  37  3:18  Probe  
  39  3:26  Probe, Dark Shrine  
  40  3:30  Probe  
  41  3:38  Probe  
  42  3:42  Probe  
  42  3:47  Warp Prism  
  43  3:48  Gateway  
  43  3:50  Gateway  
  43  3:51  Gateway  
  43  3:56  Probe  
  43  4:01  Probe  
  47  4:05  Pylon  
  47  4:10  Assimilator  
  47  4:11  Probe, Assimilator  
  47  4:13  Probe  
  47  4:14  Warp Prism  
  49  4:23  Probe  
  52  4:26  Probe  
  53  4:34  Pylon  
  50  4:43  Dark Templar x2  
  50  4:45  Dark Templar x2  
  55  4:47  Probe  
  58  5:08  Probe  
  58  5:13  Probe  
  56  5:17  Gateway  
  56  5:19  Gateway  
  56  5:20  Dark Templar x3  
  62  5:34  Probe x2  
  64  5:38  Gateway x2  
  64  5:45  Dark Templar  
  64  5:47  Archon  
  67  5:52  Dark Templar  
  67  5:53  Dark Templar  
  70  5:57  Archon  
  70  6:00  Archon  
  70  6:02  Charge  
  70  6:03  Pylon, Archon  
  70  6:13  Immortal  
  70  6:18  Pylon  
  70  6:20  Pylon  
  70  6:24  Zealot x2  
  78  6:43  Probe  
  78  6:47  Zealot x4  
  78  6:48  Zealot x3  
  92  6:55  Pylon  
  92  6:57  Pylon  
  92  6:59  Pylon  
  92  7:00  Robotics Bay  
  92  7:07  Nexus  
  92  7:13  Immortal  
  96  7:15  Probe  
  96  7:16  Pylon  
  96  7:21  Forge, Probe  
  98  7:27  Probe  
  99  7:31  Probe  
  99  7:35  Probe, Colossus  
  100  7:38  Protoss Ground Weapons Level 1  
  100  7:40  Probe  
  100  7:44  Probe  
  102  7:45  Assimilator  
  102  7:47  Extended Thermal Lance, Assimilator  
  102  7:48  Probe  
  103  7:54  Probe  
  111  8:03  Probe  
  112  8:06  Probe  
  113  8:15  Probe  
  113  8:18  Probe, Colossus  
  115  8:25  Stalker  
  115  8:26  Stalker x2  
  122  8:27  Probe  
  122  8:29  Stalker x2  
  132  8:36  Probe  
  132  8:39  Probe  
  134  8:42  Probe  
  135  8:48  Probe  
  135  8:49  Zealot  
  138  8:56  Templar Archives  
  138  9:02  Pylon  
  138  9:07  Stalker  
  140  9:22  Pylon  
  140  9:24  Pylon  
  138  9:25  Zealot x6  
  108  9:40  Stalker x2  
  82  9:53  Stalker  
  82  9:54  Stalker x5  
  78  10:11  Sentry  
  78  10:12  Sentry  
  75  10:14  Zealot  
  75  10:15  Zealot  

Tags
 
Add a new tag
Caveats
  • Supply blocks, unpowered buildings, or Contaminate may cause inaccurate times.
  • Supply counts are checked every 10 seconds.